 Dungeon Crawl Stone Soup version 0.31-a0-182-gc5ef74bbde (webtiles) character file.

Game seed: 2471782750723757459

441 qw the Shooter (level 7, 0/67 HPs)
             Began as a Naga Hunter on June 20, 2023.
             Slain by a ball python (1 damage)
             ... on level 4 of the Dungeon.
             The game lasted 00:00:57 (2253 turns).

qw the Shooter (Naga Hunter)                        Turns: 2253, Time: 00:00:57

Health: 0/67       AC:  3    Str: 13    XL:     7   Next: 2%
Magic:  7/7        EV:  9    Int:  9    God:
Gold:   114        SH:  0    Dex: 17    Spells: 6/6 levels left

rFire   . . .        Y - +0 shortbow
rCold   + . .        (shield currently unavailable)
rNeg    . . .        c - +0 leather armour
rPois   +            (no helmet)
rElec   .            (no cloak)
rCorr   .            (no gloves)
SInv    +            (no barding)
Will    .....        (no amulet)
Stlth   ++           d - ring of protection from cold
HPRegen 0.31/turn    (no ring)
MPRegen 0.10/turn

%: no passive effects
@: short of breath, very slow
A: AC +2, large, see invisible, deformed body, poison resistance, slowness 2,
spit poison 1, naga tail 1
a: Spit Poison


You were on level 4 of the Dungeon.
You visited 1 branch of the dungeon, and saw 4 of its levels.

You collected 150 gold pieces.
You spent 36 gold pieces at shops.


Innate Abilities, Weirdness & Mutations

Your serpentine skin is tough. (AC +2)
You have supernaturally acute eyesight. (SInv)
Armour fits poorly on your strangely shaped body.
Your system is resistant to poisons. (rPois)
You cover ground very slowly.
You can spit poison.
You have a snake-like lower body.


   Skills:
 - Level 5.1 Fighting
 + Level 5.9 Ranged Weapons
 - Level 1.5 Dodging
 - Level 1.5 Stealth


You had 6 spell levels left.
You didn't know any spells.
Your spell library was empty.

Inventory:

Hand Weapons
 Y - a +0 shortbow (weapon)
Armour
 c - a +0 leather armour (worn)
Jewellery
 d - a ring of protection from cold (left hand)
Scrolls
 a - a scroll of identify
Potions
 b - a potion of brilliance {unknown}
 e - a potion of mutation {unknown}
 f - a potion of might {unknown}
 h - 2 potions of curing

Dungeon Overview and Level Annotations

Branches:
Dungeon (4/15)
 Temple: D:4-7

Altars:
Dithmenos
Elyvilon
Gozag
Sif Muna
Uskayaw
Vehumet
Yredelemnul

Shops:
D:4 !


Message History

The orc hits you with a +0 dagger. The kobold barely misses you.
The orc priest barely misses you.
You have reached level 7!
You shoot an arrow.
The arrow closely misses the orc priest.
The kobold barely misses you. The orc hits you with a +0 dagger.
The orc priest hits you but does no damage.
You shoot an arrow. The arrow barely misses the orc priest.
A ball python comes into view.
The orc hits you with a +0 dagger.
The orc priest hits you with a +0 hand axe.
The kobold closely misses you.
You shoot an arrow. The ball python hisses angrily.
The arrow hits the orc priest!
The orc priest is heavily wounded.
You have got your breath back.
The orc barely misses you. The kobold hits you with a +0 dagger.
The orc priest barely misses you.
2250 ||| INVOKING Spit Poison.
Aiming: Spit Poison (1% risk of failure)
Press: ? - help, Shift-Dir - straight line, f/p - orc priest The splash of poison hits the orc priest.
The orc priest is severely wounded.
The orc closely misses you. The orc priest barely misses you.
The kobold hits you with a +0 dagger.
You shoot an arrow.
The arrow completely misses the orc priest.
The orc closely misses you. The kobold closely misses you.
The orc priest barely misses you.
You shoot an arrow.
The arrow closely misses the orc priest.
The orc barely misses you.
The orc priest hits you with a +0 hand axe.
The kobold barely misses you. The ball python bites you.
The kobold hits you with a +0 dagger. The orc priest closely misses you.
The orc hits you but does no damage.
You shoot an arrow. The arrow barely misses the orc priest.
The ball python bites you.
You die...

. ..##...###
.....##...# ###
..........####.#
#####.##.).....###
# #............##
##.#......##.....#
................##
......oK........#
......o@.......##
...##.S##.##...#
.. #)# #.###.##
#.. ### ### ...
.... .... ....


You could see an orc priest, an orc, a ball python and a kobold.

Vanquished Creatures
  Grinder (D:3)
  2 orc priests
  Natasha (thrice) (D:3)
  7 adders
  A worm (D:2)
  3 dart slugs
  6 orcs
  A ball python (D:2)
  2 giant cockroaches
  4 goblins
  5 hobgoblins
  4 jackals
  A quokka (D:1)
  2 bats (D:3)
  A frilled lizard (D:1)
  6 kobolds
  4 rats
53 creatures vanquished.

Notes
Turn   | Place    | Note
-------+----------+-------------------------------------------
     0 | D:1      | qw the Naga Hunter began the quest for the Orb.
     0 | D:1      | Reached XP level 1. HP: 19/19 MP: 1/1
     0 | D:1      | 0 ||| qw: Version: 0.3-a-9-g12657ce
     0 | D:1      | 0 ||| qw: Game counter: 1218
     0 | D:1      | 0 ||| qw: Always use a shield: true
     0 | D:1      | 0 ||| qw: God list: Okawaru
     0 | D:1      | 0 ||| qw: Allow faded altars: false
     0 | D:1      | 0 ||| qw: Do Orc after D:15 true
     0 | D:1      | 0 ||| qw: Do second Lair branch before Depths: true
     0 | D:1      | 0 ||| qw: Lair rune preference: random
     0 | D:1      | 0 ||| qw: Plans: Normal
     0 | D:1      | 0 ||| PLANNING D:1-11
    61 | D:1      | 61 ||| INVOKING Spit Poison.
   103 | D:1      | 103 ||| INVOKING Spit Poison.
   228 | D:1      | 228 ||| INVOKING Spit Poison.
   232 | D:1      | 232 ||| INVOKING Spit Poison.
   237 | D:1      | 237 ||| INVOKING Spit Poison.
   238 | D:1      | Reached XP level 2. HP: 24/26 MP: 2/2
   265 | D:1      | 265 ||| INVOKING Spit Poison.
   351 | D:1      | 351 ||| INVOKING Spit Poison.
   436 | D:1      | 436 ||| READING 5 scrolls labelled XISYSHRU TEEGES.
   437 | D:1      | 437 ||| READING scroll labelled GIULEWKYLA.
   438 | D:1      | 438 ||| READING scroll labelled SEFUIV UTEVO.
   439 | D:1      | 439 ||| READING 4 scrolls of identify.
   439 | D:1      | 439 ||| IDENTIFYING gluggy clear potion
   440 | D:1      | 440 ||| READING 3 scrolls of identify.
   440 | D:1      | 440 ||| IDENTIFYING bubbling puce potion
   441 | D:1      | 441 ||| DROPPING scroll of butterflies.
   442 | D:1      | 442 ||| DROPPING potion of degeneration.
   443 | D:1      | 443 ||| DROPPING potion of ambrosia.
   483 | D:2      | 483 ||| INVOKING Spit Poison.
   486 | D:2      | 486 ||| INVOKING Spit Poison.
   487 | D:2      | 487 ||| INVOKING Spit Poison.
   524 | D:2      | 524 ||| FLEEEEING.
   525 | D:2      | 525 ||| FLEEEEING.
   535 | D:2      | 535 ||| INVOKING Spit Poison.
   538 | D:2      | Reached XP level 3. HP: 32/32 MP: 3/3
   550 | D:2      | 550 ||| INVOKING Spit Poison.
   604 | D:2      | 604 ||| INVOKING Spit Poison.
   686 | D:2      | Noticed a golden eye
   688 | D:2      | Found a faded altar of an unknown god.
   689 | D:2      | 689 ||| INVOKING Spit Poison.
   709 | D:2      | Noticed a floating eye
   709 | D:2      | Noticed a golden eye
   709 | D:2      | Noticed an eye of devastation
   727 | D:2      | 727 ||| INVOKING Spit Poison.
   745 | D:2      | 745 ||| INVOKING Spit Poison.
   754 | D:2      | 754 ||| INVOKING Spit Poison.
   757 | D:2      | 757 ||| INVOKING Spit Poison.
   760 | D:2      | 760 ||| INVOKING Spit Poison.
   765 | D:2      | 765 ||| INVOKING Spit Poison.
   907 | D:2      | 907 ||| INVOKING Spit Poison.
   908 | D:2      | Reached XP level 4. HP: 39/39 MP: 4/4
   917 | D:2      | 917 ||| INVOKING Spit Poison.
   922 | D:2      | 922 ||| INVOKING Spit Poison.
  1117 | D:2      | 1117 ||| INVOKING Spit Poison.
  1129 | D:2      | 1129 ||| READING 3 scrolls of identify.
  1129 | D:2      | 1129 ||| IDENTIFYING sedimented clear potion
  1166 | D:3      | Noticed Grinder
  1167 | D:3      | 1167 ||| INVOKING Spit Poison.
  1170 | D:3      | 1170 ||| STAIRDANCE
  1172 | D:2      | 1172 ||| INVOKING Spit Poison.
  1223 | D:3      | 1223 ||| STAIRDANCE
  1225 | D:2      | 1225 ||| INVOKING Spit Poison.
  1230 | D:2      | 1230 ||| INVOKING Spit Poison.
  1301 | D:3      | HP: 8/40 [Grinder (9)]
  1301 | D:3      | HP: 2/40 [Grinder (6)]
  1302 | D:3      | 1302 ||| DRINKING potion of heal wounds.
  1302 | D:3      | Paralysed by Grinder for 5 turns
  1314 | D:3      | Paralysed by Grinder for 2 turns
  1318 | D:3      | Killed Grinder
  1319 | D:3      | Reached XP level 5. HP: 21/52 MP: 5/5
  1319 | D:3      | Reached XP level 6. HP: 25/61 MP: 6/6
  1450 | D:3      | 1450 ||| INVOKING Spit Poison.
  1473 | D:3      | Found a hide-covered altar of Uskayaw.
  1478 | D:3      | 1478 ||| INVOKING Spit Poison.
  1513 | D:3      | Noticed Natasha
  1516 | D:3      | 1516 ||| INVOKING Spit Poison.
  1516 | D:3      | Killed Natasha
  1532 | D:3      | 1532 ||| INVOKING Spit Poison.
  1558 | D:3      | 1558 ||| INVOKING Spit Poison.
  1598 | D:3      | Noticed Natasha
  1599 | D:3      | 1599 ||| INVOKING Spit Poison.
  1602 | D:3      | 1602 ||| INVOKING Spit Poison.
  1608 | D:3      | 1608 ||| INVOKING Spit Poison.
  1610 | D:3      | Killed Natasha
  1668 | D:3      | Noticed Natasha
  1670 | D:3      | 1670 ||| INVOKING Spit Poison.
  1674 | D:3      | Killed Natasha
  1771 | D:3      | Found a shimmering blue altar of Sif Muna.
  1797 | D:3      | Found a radiant altar of Vehumet.
  1798 | D:3      | 1798 ||| INVOKING Spit Poison.
  1804 | D:3      | 1804 ||| INVOKING Spit Poison.
  1921 | D:3      | Found a white marble altar of Elyvilon.
  1921 | D:3      | Found a basalt altar of Yredelemnul.
  1922 | D:3      | Found a shadowy altar of Dithmenos.
  1927 | D:3      | 1927 ||| INVOKING Spit Poison.
  1966 | D:3      | 1966 ||| INVOKING Spit Poison.
  1968 | D:3      | 1968 ||| Stepping ~*~*~tactically~*~*~ (outnumbered).
  1971 | D:3      | 1971 ||| INVOKING Spit Poison.
  1975 | D:3      | 1975 ||| INVOKING Spit Poison.
  1975 | D:3      | HP: 15/61 [orc/+0 hand axe (4)]
  2130 | D:3      | 2130 ||| INVOKING Spit Poison.
  2135 | D:3      | 2135 ||| INVOKING Spit Poison.
  2140 | D:3      | Found an opulent altar of Gozag.
  2180 | D:3      | 2180 ||| UPGRADING to ring of protection from cold.
  2181 | D:3      | 2181 ||| DROPPING ring of flight.
  2182 | D:3      | 2182 ||| READING scroll labelled QAUQIYRYAWN.
  2183 | D:3      | 2183 ||| READING 2 scrolls of identify.
  2183 | D:3      | 2183 ||| IDENTIFYING fizzy pink potion
  2184 | D:3      | 2184 ||| DROPPING potion of lignification.
  2190 | D:4      | Found Byis's Distillery.
  2193 | D:4      | 2193 ||| BUYING potion of curing (36 gold).
  2193 | D:4      | Bought a potion of curing for 36 gold pieces
  2193 | D:4      | 2193 ||| SHOPLISTING potion of resistance (120 gold, have
                  | 114).
  2228 | D:4      | 2228 ||| INVOKING Spit Poison.
  2235 | D:4      | 2235 ||| INVOKING Spit Poison.
  2242 | D:4      | 2242 ||| INVOKING Spit Poison.
  2245 | D:4      | 2245 ||| INVOKING Spit Poison.
  2247 | D:4      | Reached XP level 7. HP: 22/67 MP: 7/7
  2248 | D:4      | HP: 15/67 [orc/+0 dagger (4)]
  2250 | D:4      | 2250 ||| INVOKING Spit Poison.
  2252 | D:4      | HP: 5/67 [orc priest/+0 hand axe (4)]
  2252 | D:4      | HP: 1/67 [kobold/+0 dagger (2)]
  2253 | D:4      | Slain by a ball python

Levels and vault maps discovered:
D:1:      zelgadis_glass_arrival_small, layout_basic, bh_walls_and_bars
D:2:      layout_rooms, hellmonk_ecumenical_altar_watching_god, st_stairs_4,
          minivault_27, minmay_misc_feat_pillars
D:3:      layout_rooms, mainiacjoe_overflow_paths, lemuel_crystal_altar,
          vehumet_altar_wand_db, nicolae_overflow_quartered_altars,
          uniq_natasha, uniq_grinder
D:4:      layout_cave_pools, nicolae_shop_distant_corner_stores,
          nicolae_stop_n_shop_1

Skill      XL: |  1  2  3  4 |
---------------+-------------+-----
Ranged Weapons | 4 5 |  5.9
Fighting       | 5 |  5.1
Dodging        | |  1.5
Stealth        | |  1.5

Action                     |  1- 3 |  4- 6 |  7- 9 || total
---------------------------+-------+-------+-------++-------
   Fire: Shortbow          |    54 |    97 |     6 ||   157
Ability: Spit Poison       |    20 |    28 |     1 ||    49
    Use: Scroll            |     5 |     3 |       ||     8
         Potion            |       |     1 |       ||     1
 Armour: Leather armour    |     7 |    13 |     2 ||    22
  Dodge: Dodged            |    10 |    30 |    12 ||    52

Table legend:
 A = Non-vault XP
 B = Vault XP
 C = Vault XP percentage of total XP
 D = Non-vault monster count
 E = Vault monster count
 F = Vault count percentage of total count
                 A         B        C        D         E       F
            +---------+---------+-------+---------+---------+-------
      Total |     329 |     302 |  47.9 |      48 |       5 |   9.4
            +---------+---------+-------+---------+---------+-------
        D:1 |      14 |       0 |   0.0 |       7 |       0 |   0.0
        D:2 |     115 |       3 |   2.5 |      22 |       2 |   8.3
        D:3 |     138 |     299 |  68.4 |      15 |       3 |  16.7
        D:4 |      62 |       0 |   0.0 |       4 |       0 |   0.0
            +---------+---------+-------+---------+---------+-------
